 Dungeon Crawl Stone Soup version 0.30.1 (webtiles) character file.

Game seed: 16588774595050056617

2872 LynnLen the Cleaver (level 9, -5/84 HPs)
             Began as a Hill Orc Monk on July 3, 2023.
             Was a Priest of Beogh.
             Slain by an unseen horror (7 damage)
             ... on level 8 of the Dungeon.
             The game lasted 00:15:19 (7233 turns).

LynnLen the Cleaver (Hill Orc Monk)                 Turns: 7233, Time: 00:15:20

Health: -5/84      AC:  7    Str: 16    XL:     9   Next: 76%
Magic:  11/11      EV: 11    Int: 10    God:    Beogh [***...]
Gold:   466        SH:  0    Dex: 15    Spells: 8/8 levels left

rFire   . . .        f - +0 war axe
rCold   . . .        d - orb {light}
rNeg    . . .        i - +0 ring mail
rPois   .            (no helmet)
rElec   .            g - +0 cloak
rCorr   .            j - +0 pair of gloves
SInv    .            (no boots)
Will    .....        (no amulet)
Stlth   +            (no ring)
HPRegen 0.34/turn    (no ring)
MPRegen 0.12/turn

%: no passive effects
@: glowing
A: no striking features
a: Renounce Religion, Smiting


You were on level 8 of the Dungeon.
You worshipped Beogh.
Beogh was most pleased with you.
You visited 1 branch of the dungeon, and saw 8 of its levels.

You collected 466 gold pieces.

Inventory:

Hand Weapons
 f - a +0 war axe (weapon)
Armour
 d - an orb of light (worn)
 g - a +0 cloak (worn)
 i - a +0 ring mail (worn)
 j - a +0 pair of gloves (worn)
Jewellery
 c - a ring of wizardry
Wands
 k - a wand of iceblast (10)
 p - a wand of flame (24)
 r - a wand of mindburst (9)
 y - a wand of quicksilver (6)
Scrolls
 e - 2 scrolls of fog
 m - 2 scrolls of vulnerability
 n - 3 scrolls of teleportation
 o - a scroll of poison
 q - a scroll of amnesia {unknown}
 s - a scroll of immolation {unknown}
 t - 2 scrolls of enchant weapon {unknown}
 u - a scroll of blinking {unknown}
Potions
 a - 2 potions of resistance
 b - 3 potions of might
 h - 2 potions of attraction
 l - a potion of haste
 v - 2 potions of flight
 w - a potion of lignification {unknown}
 x - a potion of brilliance {unknown}
 z - 2 potions of mutation


   Skills:
 + Level 9.4 Fighting
 + Level 14.1 Axes
 - Level 2.4 Dodging
 * Level 3.9 Invocations


You had 8 spell levels left.
You didn't know any spells.
Your spell library contained the following spells:

 Spells                   Type           Power      Damage    Failure   Level
 Freeze                   Ice            0%         1d3       58%         1
 Magic Dart               Conj           0%         1d3       58%         1
 Call Imp                 Summ           0%         N/A       73%         2
 Ensorcelled Hibernation  Hex/Ice        0%         N/A       73%         2
 Frozen Ramparts          Ice            0%         1d1       91%         3
 Hailstorm                Conj/Ice       0%         3d3       91%         3
 Mephitic Cloud           Conj/Pois/Air  0%         N/A       91%         3
 Spider Form              Tmut/Pois      0%         N/A       91%         3
 Volatile Blastmotes      Fire/Tloc      0%         2d10      91%         3
 Anguish                  Hex/Necr       0%         N/A       100%        4
 Fulminant Prism          Conj/Hex       0%         3d5       100%        4
 Iskenderun's Mystic Bla  Conj/Tloc      0%         2d3       100%        4
 Lee's Rapid Deconstruct  Erth           0%         3d4*      100%        5


Dungeon Overview and Level Annotations

Branches:
Dungeon (8/15)             Temple (0/1) D:4            Lair (0/5) D:8

Altars:
Cheibriados
Elyvilon

Shops:
D:3 :   D:6 :*[


Message History

You hit the unseen horror but do no damage.
The unseen horror is heavily wounded.
The unseen horror hits you but does no damage.
The unseen horror hits your orc.
Your orc hits the unseen horror but does no damage.
Harm hits the unseen horror with a +0 hand axe.
You slash the unseen horror!
The unseen horror is severely wounded.
The unseen horror barely misses you.
The unseen horror hits you but does no damage.
Harm barely misses the unseen horror.
Things that are here:
a +0 whip of flaming; a +0 robe; the kobold corpse of Pikel You hit the unseen horror but do no damage.
The unseen horror is severely wounded.
The unseen horror hits you.
* * * LOW HITPOINT WARNING * * *
The unseen horror closely misses you.
The unseen horror hits Harm but does no damage.
You barely miss the unseen horror.
The unseen horror is severely wounded.
The unseen horror closely misses you. The unseen horror hits you.
* * * LOW HITPOINT WARNING * * *
There is an open door, spattered with blood here.
You hit the unseen horror but do no damage.
The unseen horror is severely wounded.
The unseen horror hits you.
* * * LOW HITPOINT WARNING * * *
The unseen horror barely misses you.
The unseen horror hits you but does no damage.
You barely miss the unseen horror.
The unseen horror is severely wounded.
The unseen horror misses you. The unseen horror hits you!
* * * LOW HITPOINT WARNING * * *
You hit the unseen horror.
The unseen horror is severely wounded.
The unseen horror hits you!
You die...

####
.#####...####8......###
#...#.#...##.........8#
...........'..........+
..###...#..#.........8#
##....####8......###
#8.............8##
##.........#...##
##........8.#+##
#.....o@x..#..8# .
####......## ..#..
#.....## ......
###o#####......
#.#.ooo......#
#.......#...#
#...........#
..............#
....########...#


You could see an unseen horror (invisible, ally target), a friendly orc warrior,
the friendly Harm the orc warrior and a friendly orc.

Vanquished Creatures
  Pikel (D:8)
  Grinder (D:5)
  Sigmund (D:2)
  A steam dragon (D:7)
  Duvessa (D:5)
  An ice beast (D:7)
  A sky beast (D:6)
  A lemure (D:8)
  A gnoll sergeant (D:5)
  6 scorpions
  Dowan (D:5)
  A vampire bat (D:7)
  2 hounds
  Crazy Yiuf (D:3)
  8 orc priests
  4 iguanas (D:5)
  A sleepcap (D:6)
  4 orc wizards
  Ijyb (D:3)
  12 gnolls
  2 adders
  2 white imps
  A worm (D:4)
  16 orcs
  4 ball pythons
  3 endoplasms
  3 giant cockroaches
  6 goblins
  4 hobgoblins
  5 jackals
  A quokka (D:4)
  12 bats
  2 frilled lizards
  7 kobolds
  3 rats
121 creatures vanquished.

Vanquished Creatures (collateral kills)
  A steam dragon (D:6)
  A water moccasin (D:7)
  2 bullfrogs (D:7)
  2 scorpions (D:6)
  A vampire bat (D:7)
  3 jellies (D:6)
  2 iguanas
  An orc wizard (D:7)
  2 orcs (D:6)
  2 bats (D:7)
17 creatures vanquished.

Vanquished Creatures (others)
  3 orc wizards
  8 orcs
11 creatures vanquished.

Grand Total: 149 creatures vanquished

Notes
Turn   | Place    | Note
-------+----------+-------------------------------------------
     0 | D:1      | LynnLen the Hill Orc Monk began the quest for the Orb.
     0 | D:1      | Reached XP level 1. HP: 19/19 MP: 1/1
   260 | D:1      | Reached XP level 2. HP: 27/27 MP: 2/2
   370 | D:1      | Found a faded altar of an unknown god.
   371 | D:1      | Noticed a floating eye
   374 | D:1      | Noticed a shining eye
   374 | D:1      | Noticed an eye of devastation
   374 | D:1      | Noticed a shining eye
   960 | D:2      | Reached skill level 5 in Axes
   960 | D:2      | Reached XP level 3. HP: 25/34 MP: 3/3
  1110 | D:2      | Noticed Sigmund
  1171 | D:2      | Killed Sigmund
  1172 | D:2      | Reached skill level 5 in Fighting
  1172 | D:2      | Reached skill level 6 in Axes
  1172 | D:2      | Reached XP level 4. HP: 27/44 MP: 4/4
  1172 | D:2      | Reached XP level 5. HP: 31/50 MP: 5/5
  1603 | D:3      | Found Arilumeh's Book Boutique.
  1639 | D:3      | Became a worshipper of Beogh the Brigand
  1639 | D:3      | Reached * piety under Beogh
  1639 | D:3      | Reached ** piety under Beogh
  1671 | D:3      | Reached XP level 6. HP: 57/57 MP: 6/6
  1675 | D:3      | Reached skill level 7 in Axes
  2040 | D:3      | Found a runed translucent door.
  2041 | D:3      | Noticed Crazy Yiuf
  2056 | D:3      | Killed Crazy Yiuf
  2163 | D:3      | Noticed Ijyb
  2175 | D:3      | Killed Ijyb
  2350 | D:4      | Reached skill level 8 in Axes
  2350 | D:4      | Reached XP level 7. HP: 56/64 MP: 7/7
  2622 | D:4      | Found a staircase to the Ecumenical Temple.
  2844 | D:4      | Reached skill level 9 in Axes
  3186 | D:4      | Found a snail-covered altar of Cheibriados.
  3329 | D:5      | Entered Level 5 of the Dungeon
  3382 | D:5      | Reached skill level 10 in Axes
  3554 | D:5      | Reached XP level 8. HP: 56/71 MP: 8/8
  3677 | D:5      | HP: 3/73 [gnoll/+0 halberd[a gnoll sergeant] (12)]
  3964 | D:5      | Reached *** piety under Beogh
  3969 | D:5      | Noticed Duvessa
  3973 | D:5      | Noticed Dowan
  3976 | D:5      | Noticed Grinder
  3980 | D:5      | Killed Duvessa
  3981 | D:5      | Reached skill level 11 in Axes
  3993 | D:5      | Paralysed by Grinder for 4 turns
  4393 | D:5      | Paralysed by Grinder for 3 turns
  4407 | D:5      | Killed Grinder
  4494 | D:5      | Killed Dowan
  4933 | D:6      | Found a white marble altar of Elyvilon.
  4996 | D:6      | Found Nehaom's Assorted Antiques.
  5108 | D:6      | Reached skill level 12 in Axes
  5271 | D:6      | Found Kaiwk's Antique Armour Shoppe.
  5351 | D:6      | Reached XP level 9. HP: 77/81 MP: 9/9
  5413 | D:6      | Reached skill level 1 in Invocations
  5487 | D:6      | Gained Harm as an ally
  5541 | D:6      | Found Menoacla's Book Boutique.
  6278 | D:7      | Identified the +1 leather armour "Acreco" {Will+ rCorr
                  | Str-2 Stlth+}
  6311 | D:7      | Reached skill level 13 in Axes
  7102 | D:8      | Noticed an elephant
  7102 | D:8      | Found a staircase to the Lair.
  7194 | D:8      | Noticed Pikel
  7208 | D:8      | Killed Pikel
  7209 | D:8      | Reached skill level 14 in Axes
  7209 | D:8      | Noticed an unseen horror
  7211 | D:8      | HP: 4/84 [unseen horror (9)]
  7232 | D:8      | HP: 2/84 [unseen horror (7)]
  7233 | D:8      | Slain by an unseen horror

Illustrated notes

Levels and vault maps discovered:
D:1:      minmay_arrival_four_loops, layout_basic,
          hellmonk_ecumenical_altar_watching_god, minmay_misc_feat_plants
D:2:      layout_rooms, uniq_sigmund
D:3:      layout_basic, serial_shops, shop, uniq_crazy_yiuf_cottage, uniq_ijyb
D:4:      layout_basic, chei_slow_surprise, temple_doors_e
D:5:      layout_loops_ring, uniq_grinder, uniq_duvessa
D:6:      layout_loops_corners, elyvilon_altar_5, serial_shops,
          nicolae_book_shop_shelving,
          nicolae_shop_temple_entry_statues_fountains, shop
D:7:      layout_loops_corners, roderic_batcave
D:8:      hellmonk_crumbling_castle, layout_gridville, david_lair_generic,
          serial_co_window_serial, co_window_paths_b, co_window_corner_a,
          co_window_paths_a, co_window_paths_b, co_window_corner_a,
          co_window_broadway_c, co_window_broadway_c, co_window_2corner,
          co_window_paths_c, glass_columns_a, uniq_pikel

Skill      XL: |  1  2  3  4  5  6  7  8  9 |
---------------+----------------------------+-----
Fighting       | 4 5 6 8 9 |  9.4
Axes           | 5 6 8 10 12 14 | 14.1
Invocations    | 3 |  3.9
Dodging        | |  2.4

Action                     |  1- 3 |  4- 6 |  7- 9 || total
---------------------------+-------+-------+-------++-------
  Melee: Hand axe          |     8 |       |       ||     8
         War axe           |    49 |    84 |   252 ||   385
 Invoke: Convert to Beogh  |       |     1 |       ||     1
         Smiting           |       |     2 |       ||     2
    Use: Potion            |     1 |     1 |     8 ||    10
         Scroll            |       |     8 |     6 ||    14
   Stab: Distracted        |       |       |     1 ||     1
 Armour: Robe              |     4 |       |       ||     4
         Ring mail         |    26 |    36 |    73 ||   135
  Dodge: Dodged            |    54 |    60 |   143 ||   257
